Map: Alcyone LE

Players

电脑难度(新手) - Winner!

  • Race: Protoss Protoss
  • Spawn Location: 7:00

Toncula

  • Race: Terran Terran
  • League: Diamond
  • Spawn Location: 1:00

VOD

Have the link to the VOD?

Description

Time

  • Played on: Oct. 11, 2023, 12:52 a.m.
  • Length: 9:28
Show
View Real Time Build Order
Export as new Build Order

电脑难度(新手) Protoss - Winner!

Build Orders:  

Get SALT Encoding   

  12  0:00  Probe  
  13  0:13  Probe  
  14  0:19  Pylon  
  14  0:36  Assimilator  
  14  0:42  Gateway  
  14  0:45  Pylon  
  14  1:14  Assimilator  
  14  1:15  Probe  
  14  1:23  Probe  
  15  1:31  Probe  
  16  1:33  Cybernetics Core  
  17  1:42  Probe  
  18  1:54  Probe  
  18  1:59  Warp Gate  
  19  2:02  Probe  
  20  2:09  Stalker  
  22  4:09  Probe  
  22  5:20  Zealot  
  24  5:22  Probe  
  24  5:24  Pylon  
  24  5:27  Robotics Facility  
  25  5:34  Probe  
  24  5:46  Probe  
  25  5:58  Probe  
  25  6:02  Pylon  
  26  6:10  Probe  
  26  6:11  Observer  
  27  6:18  Zealot  
  30  6:23  Probe  
  31  6:27  Observer  
  32  7:04  Nexus  
  32  7:15  Stalker  
  34  8:11  Stalker  
  36  8:13  Pylon  
  36  8:16  Probe  
  37  8:24  Probe  
  37  8:32  Probe  
  31  8:35  Pylon  
  29  8:41  Robotics Facility  
  29  8:42  Probe  
  30  8:50  Nexus  
  30  8:55  Probe  
  29  9:05  Pylon  
  29  9:07  Probe  
  30  9:23  Zealot  
Show
View Real Time Build Order
Export as new Build Order

Toncula Terran 

Build Orders: Reaper Expand 

Get SALT Encoding   

  12  0:00  SCV  
  13  0:12  SCV  
  14  0:17  Supply Depot  
  14  0:24  SCV  
  15  0:38  SCV  
  15  0:40  Barracks  
  16  0:44  Refinery  
  16  0:51  SCV  
  17  1:03  SCV  
  18  1:15  SCV  
  19  1:28  Orbital Command, Reaper  
  20  1:39  Command Center  
  20  1:49  Supply Depot  
  20  1:54  SCV  
  21  2:00  Marine  
  22  2:06  SCV  
  23  2:12  Factory  
  23  2:18  SCV  
  23  2:22  Barracks Reactor  
  24  2:30  SCV  
  25  2:40  Command Center  
  25  2:42  SCV  
  26  2:51  Orbital Command  
  26  2:55  SCV  
  27  3:06  Hellion x2  
  27  3:07  SCV  
  27  3:09  Marine  
  33  3:13  Refinery  
  33  3:18  SCV  
  34  3:21  Starport  
  34  3:24  SCV  
  35  3:29  Hellion  
  35  3:31  Hellion  
  40  3:34  SCV  
  40  3:37  Marine  
  42  3:41  SCV  
  42  3:51  SCV  
  42  3:53  Orbital Command  
  43  3:56  Cyclone x2  
  43  3:58  Medivac  
  43  4:00  SCV  
  43  4:02  Barracks Tech Lab  
  50  4:03  SCV  
  50  4:09  Supply Depot  
  51  4:12  SCV  
  51  4:14  Orbital Command  
  51  4:15  SCV  
  53  4:23  Supply Depot  
  53  4:24  SCV  
  53  4:25  Marine  
  53  4:26  Stimpack  
  53  4:28  SCV  
  56  4:36  SCV  
  57  4:39  Starport Reactor  
  57  4:40  Barracks  
  57  4:41  SCV x2  
  57  4:43  Barracks  
  57  4:45  Engineering Bay  
  59  4:47  Factory Tech Lab, Marine  
  59  4:49  SCV  
  61  4:53  SCV  
  61  4:54  Engineering Bay  
  61  4:55  SCV, Supply Depot  
  63  5:04  SCV  
  64  5:09  Supply Depot  
  64  5:10  Supply Depot, SCV x2  
  64  5:11  Siege Tank, Marine  
  70  5:16  SCV  
  70  5:17  Terran Infantry Weapons Level 1  
  70  5:18  Refinery  
  70  5:19  Refinery  
  71  5:24  SCV x2  
  71  5:28  Marine x2  
  73  5:30  SCV  
  76  5:36  SCV  
  76  5:38  Terran Infantry Armor Level 1  
  76  5:39  Barracks  
  76  5:41  Barracks  
  77  5:42  Marine  
  77  5:43  Marine x2  
  77  5:44  SCV  
  81  5:50  SCV  
  81  5:51  Supply Depot  
  81  5:52  SCV  
  81  5:53  Marine x2, Supply Depot  
  81  5:54  Siege Tank  
  81  5:55  Starport Reactor  
  81  5:56  SCV  
  89  6:00  Marine  
  89  6:02  SCV  
  91  6:04  SCV  
  91  6:09  SCV  
  93  6:12  Marine x4  
  93  6:14  Combat Shield, SCV  
  93  6:17  Supply Depot  
  98  6:18  Marine  
  98  6:20  SCV  
  98  6:21  Armory, SCV  
  98  6:23  Supply Depot  
  101  6:26  SCV  
  101  6:30  Marine x2  
  101  6:32  Siege Tank, SCV  
  108  6:33  Barracks Reactor  
  108  6:39  SCV x2  
  110  6:41  Marine, Medivac  
  110  6:44  SCV, Marine  
  117  6:47  Marine  
  117  6:50  Medivac  
  117  6:52  Marine, SCV  
  117  6:53  Marine  
  122  6:56  SCV  
  122  6:58  Refinery  
  122  6:59  Marine  
  122  7:00  Supply Depot  
  122  7:01  Supply Depot, SCV  
  125  7:02  Command Center  
  125  7:03  Barracks Reactor  
  125  7:06  Siege Tank  
  125  7:07  Marine x2  
  129  7:10  Marine  
  129  7:11  Marine  
  129  7:12  Marine x2  
  133  7:19  Refinery  
  133  7:21  SCV, Marine  
  133  7:22  Supply Depot  
  135  7:23  Supply Depot  
  135  7:25  Marine x2  
  135  7:28  Marine x2  
  143  7:30  Marine x2  
  141  7:39  Marine  
  141  7:41  Marine x2  
  141  7:43  Marine x2  
  146  7:46  Marine x2  
  146  7:48  Marine x2  
  146  7:50  Factory  
  150  7:57  Marine  
  150  7:58  Supply Depot x2  
  151  7:59  Siege Tank, Marine x2  
  151  8:01  Marine x2  
  151  8:04  Marine x2  
  160  8:06  Barracks  
  160  8:09  Barracks  
  160  8:10  Barracks  
  160  8:13  Marine x2  
  160  8:14  Marine  
  160  8:15  SCV  
  160  8:17  Marine x2  
  160  8:18  Medivac x2  
  160  8:19  Marine x2  
  172  8:21  SCV  
  172  8:22  Marauder, Marine  
  176  8:31  Marine x2  
  176  8:32  Marine  
  176  8:33  SCV  
  179  8:34  Marine  
  179  8:35  Marine  
  179  8:36  Marine  
  179  8:37  Marine  
  183  8:42  Marine, SCV  
  183  8:43  Factory Reactor  
  183  8:44  Marauder  
  183  8:48  Siege Tank, Medivac x2  
  194  8:49  SCV, Marine  
  196  9:10  Barracks Tech Lab, Supply Depot  
  196  9:11  Barracks Tech Lab, Supply Depot  
  196  9:12  Barracks Tech Lab  
Tags
 
League
Diamond
Matchup
PvT
Spawn Locations
Cross Positions
Add a new tag
Caveats
  • Supply blocks, unpowered buildings, or Contaminate may cause inaccurate times.
  • Supply counts are checked every 10 seconds.